 Dungeon Crawl Stone Soup version 0.19.0-18-g426998a (webtiles) character file.

26758 Gargoyl the Envoy of Void (level 13, -1/99 HPs)
             Began as a Demonspawn Abyssal Knight on Nov 12, 2016.
             Was a High Priest of Lugonu.
             Slain by an orc warrior
             ... wielding a +0 flail
              (15 damage)
             ... on level 1 of the Orcish Mines.
             The game lasted 00:31:29 (13665 turns).

Gargoyl the Envoy of Void (DsAK)                   Turns: 13665, Time: 00:31:30

Health: -1/99      AC:  3    Str: 19      XL:     13   Next: 0%
Magic:  18/22      EV:  4    Int: 14 (15) God:    Lugonu [*****.]
Gold:   576        SH:  5    Dex: 16      Spells: 0 memorised, 12 levels left

rFire  . . .     SeeInvis .     I - +4 war axe (flame)
rCold  . . .     Gourm    .     E - +0 crystal plate armour
rNeg   . . .     Faith    .     G - +0 buckler
rPois  .         Spirit   .     (helmet unavailable)
rElec  .         Reflect  .     C - +2 cloak
rCorr  .         Harm     .     h - +1 pair of gloves
MR     +....                    (no boots)
Stlth  ..........               b - amulet of regeneration
                                S - ring of protection from magic
                                v - +4 ring of strength

@: lethally poisoned (-1 -> -2), corroded, drained
A: horns 3, thin skeletal structure 2, nightstalker 1, regeneration 1, weak 1,
rot immunity
a: Depart the Abyss, Bend Space, Banish, Corrupt, Enter the Abyss, Renounce
Religion


You were on level 1 of the Orcish Mines.
You worshipped Lugonu.
Lugonu was extremely pleased with you.
You were not hungry.

You visited 2 branches of the dungeon, and saw 14 of its levels.
You visited the Abyss 1 time.

You collected 1416 gold pieces.
You spent 840 gold pieces at shops.

Inventory:

Hand Weapons
 i - a +0 war axe of flaming
 z - a +0 broad axe
 F - a +1 spear of freezing
 I - a +4 war axe of flaming (weapon)
Missiles
 o - 43 tomahawks (quivered)
Armour
 h - a +1 pair of gloves (worn)
 C - a +2 cloak (worn)
 E - a +0 crystal plate armour (worn)
 G - a +0 buckler (worn)
Jewellery
 b - an amulet of regeneration (around neck)
 q - an uncursed ring of protection from magic
 r - an uncursed ring of protection from cold
 v - a +4 ring of strength (left hand)
 x - an uncursed ring of protection from fire
 A - an uncursed ring of see invisible
 H - a +2 ring of dexterity
 P - an uncursed ring of poison resistance
 S - a ring of protection from magic (right hand)
 W - a cursed ring of loudness {unknown}
 X - an uncursed ring of protection from cold
Wands
 g - a wand of paralysis (22/24)
 k - a wand of slowing (23/48)
 m - a wand of acid (9/15)
 p - a wand of slowing (28/48)
 y - a wand of flame (16/48)
 D - a wand of random effects (43/48)
 J - a wand of acid (8/15)
 N - a wand of slowing (24/48)
 O - a wand of flame (19/48)
Scrolls
 d - 10 scrolls of teleportation
 e - 3 scrolls of blinking
 n - 8 scrolls of remove curse
 w - a scroll of fog
 K - a scroll of amnesia
 M - 2 scrolls of magic mapping
 U - 4 scrolls of recharging
Potions
 u - a potion of invisibility
 B - a potion of flight
 T - a potion of curing
Books
 a - a book of Alchemy

   Spells                             Type                      Level
   a - Sublimation of Blood           Necromancy                   2
   b - Ignite Poison                  Fire/Transmutation/Poison    3
   c - Petrify                        Transmutation/Earth          4
   d - Alistair's Intoxication        Transmutation/Poison         5
   e - Irradiate                      Conjuration/Transmutation    5
 R - a book of Flames

   Spells                             Type                      Level
   a - Flame Tongue                   Conjuration/Fire             1
   b - Throw Flame                    Conjuration/Fire             2
   c - Conjure Flame                  Conjuration/Fire             3
   d - Inner Flame                    Hexes/Fire                   3
   e - Sticky Flame                   Conjuration/Fire             4
   f - Fireball                       Conjuration/Fire             5
Comestibles
 c - 5 bread rations
 f - 2 slices of pizza
 j - 3 beef jerkies
 l - 15 fruits
 s - 2 royal jellies
 t - 2 chunks of flesh
 L - 2 meat rations


   Skills:
 + Level 8.5(8.3) Fighting
 + Level 11.9(11.7) Axes
 + Level 0.1(0.0) Throwing
 * Level 11.5(11.3) Armour
 + Level 1.9(1.7) Dodging
 - Level 0.6(0.4) Stealth
 + Level 3.2(3.1) Shields
 * Level 12.3(12.1) Invocations


You had 12 spell levels left.
You didn't know any spells.

Dungeon Overview and Level Annotations

Branches:
Dungeon (12/15)            Temple (0/1) D:5            Lair (0/6) D:10
    Orc (2/2) D:12
    Elf: Orc:2

Altars:
Ashenzari
Cheibriados
Fedhas
Hepliaklqana
Makhleb
Qazlal
Ru
Sif Muna
Trog
Vehumet
Xom
Yredelemnul
Zin
The Shining One

Shops:
D:5 ?   D:10 (   Orc:1 *   Orc:2 [

Annotations:
Abyss:1 Sonja


Innate Abilities, Weirdness & Mutations

You have a pair of large horns on your head.
You have a moderately thin skeletal structure. (Dex +4, Stealth+)
You are slightly more attuned to the shadows.
You are immune to rotting.
Your natural rate of healing is unusually fast.
You are weak. (Str -2)


Message History

The orange demon poisons you! The orc warrior barely misses you.
You closely miss the orc high priest.
The orc high priest is severely wounded.
You hit the rust devil but do no damage.
You hit the orc warrior but do no damage.
You feel sick.
The orc wizard casts a spell.
The orc wizard seems to speed up.
The orc high priest hits you with a hand axe!
The rust devil hits you!
* * * LOW HITPOINT WARNING * * *
The rust devil corrodes you! The orange demon stings you from afar!
* * * LOW HITPOINT WARNING * * *
Press: ? - help, Shift-Dir - straight line, f - orc high priest
Aim: an orc high priest, wielding a hand axe and wearing a chain mail (heavily wounded, chance to defeat MR: 60%)
The orc high priest resists with significant effort.
You feel somewhat more hungry.
You feel sick.
The orc wizard miscasts a cantrip.
The orc warrior hits you with a flail!
You die...

##.#.##....#....####
#..)##...........#
###.).#........#.##
##.#.)....#.##...##
#......#.####.....#
##....#...#..#o...##
##................#
#...........)4..## #
#..........o@o.## ##
##............4.#
.######..........#.##
###.##...........####
.#................#.##
#.......#......#.#...#
##.#.####............#
####.##............##
##.................#


You could see an orc high priest, an orange demon, a rust devil, an orc warrior
and an orc wizard.

Vanquished Creatures
  Harold (D:10)
  Josephine (D:12)
  A centaur warrior (D:12)
  2 orc high priests (Orc:1)
  3 unseen horrors
  The ghost of muxecoid the Archer, a novice HEAM of Okawaru (D:7)
  2 orc knights
  3 hill giants
  3 orc sorcerers
  A manticore (D:12)
  A cyclops (D:8)
  An ugly thing (D:12)
  The ghost of krfreak the Frost Mage, a novice HEIE of Vehumet (D:6)
  Psyche (D:8)
  3 kobold demonologists (D:11)
  2 hornets
  2 two-headed ogres
  6 trolls
  5 hippogriffs
  5 wraiths (D:12)
  2 wyverns
  A hungry ghost (D:10)
  7 wargs
  A water moccasin (D:8)
  18 orc warriors
  2 ice beasts
  8 ogres
  5 necrophages
  3 sky beasts
  A black bear (D:12)
  5 wolves (Orc:1)
  11 centaurs
  3 big kobolds (D:11)
  7 bullfrogs
  3 scorpions
  6 killer bees
  3 howler monkeys (D:11)
  13 wights
  5 crimson imps
  The ghost of Bluestream the Conjurer, a weakling DECj (D:3)
  A centaur zombie (D:5)
  5 hounds
  5 bullfrog skeletons
  A bullfrog zombie (D:12)
  A jelly (D:5)
  15 orc wizards
  A gnoll shaman (D:9)
  8 orc priests
  A centaur skeleton (D:7)
  9 worker ants
  8 iguanas
  A killer bee zombie (D:6)
  A hound zombie (D:9)
  A mummy (D:6)
  3 gnolls (D:9)
  6 adders
  2 shadow imps
  An adder zombie (D:8)
  2 adder skeletons
  3 worms
  3 dart slugs
  6 leopard geckos
  45 orcs
  A ball python (D:5)
  6 bats
  3 giant cockroaches
  5 goblins
  14 hobgoblins
  16 jackals
  5 quokkas
  5 frilled lizards
  16 kobolds
  A leopard gecko skeleton (D:5)
  A leopard gecko zombie (D:7)
  A quokka skeleton (D:9)
  7 rats
  A plant (D:10)
361 creatures vanquished.

Vanquished Creatures (others)
  An orc sorcerer (Orc:1)
  An orc warrior (Orc:1)
  An orc priest (Orc:2)
  14 fungi (Orc:2)
17 creatures vanquished.

Grand Total: 378 creatures vanquished

Notes
Turn   | Place    | Note
-------+----------+-------------------------------------------
     0 | Abyss:1  | Gargoyl the Demonspawn Abyssal Knight began the quest for the Orb.
     0 | Abyss:1  | Reached XP level 1. HP: 18/18 MP: 2/2
     0 | Abyss:1  | Found a corrupted altar of Lugonu.
    47 | Abyss:1  | Noticed a quasit
    47 | Abyss:1  | Noticed a thrashing horror
    97 | Abyss:2  | Noticed a small abomination
   109 | Abyss:2  | Noticed a fire giant zombie
   117 | Abyss:2  | Noticed a small abomination
   118 | D:1      | Escaped the Abyss
   133 | D:1      | Gained mutation: You have a pair of small horns on your head. [demonic ancestry]
   133 | D:1      | Reached XP level 2. HP: 13/24 MP: 3/3
   354 | D:1      | Reached * piety under Lugonu
   559 | D:1      | Gained mutation: You have a somewhat thin skeletal structure. (Dex +2, Stealth) [demonic ancestry]
   559 | D:1      | Reached XP level 3. HP: 24/29 MP: 4/4
   967 | D:2      | Reached skill level 1 in Dodging
  1404 | D:2      | Reached XP level 4. HP: 32/37 MP: 5/5
  1496 | D:2      | Found a burning altar of Makhleb.
  1496 | D:2      | Found a radiant altar of Vehumet.
  1607 | D:2      | Reached ** piety under Lugonu
  1847 | D:3      | Noticed Bluestream's ghost (weakling DECj)
  1864 | D:3      | Killed Bluestream's ghost
  1864 | D:3      | Reached skill level 3 in Invocations
  2202 | D:3      | Reached XP level 5. HP: 20/42 MP: 7/7
  2872 | D:4      | Noticed an ogre
  2884 | D:5      | Entered Level 5 of the Dungeon
  3119 | D:4      | Gained mutation: You are weak. (Str -2) [potion of mutation]
  3119 | D:4      | Gained mutation: Your natural rate of healing is unusually fast. [potion of mutation]
  3126 | D:4      | Reached skill level 4 in Invocations
  3229 | D:4      | Found a bloodstained altar of Trog.
  3233 | D:4      | Found a shimmering altar of Xom.
  3242 | D:4      | Found a stormy altar of Qazlal.
  3309 | D:4      | Killed an ogre
  3309 | D:4      | Gained mutation: You have a moderately thin skeletal structure. (Dex +4, Stealth+) [demonic ancestry]
  3309 | D:4      | Reached XP level 6. HP: 36/48 MP: 9/9
  3636 | D:4      | Gained mutation: You are slightly more attuned to the shadows. [demonic ancestry]
  3636 | D:4      | Reached XP level 7. HP: 47/54 MP: 10/10
  3788 | D:4      | Reached *** piety under Lugonu
  3833 | D:4      | Found a shattered altar of Ashenzari.
  3957 | D:5      | Found Calaluic's Magic Scroll Shop.
  3960 | D:5      | Bought a scroll of teleportation for 33 gold pieces
  3970 | D:5      | Found a glowing golden altar of the Shining One.
  4217 | D:5      | Found a staircase to the Ecumenical Temple.
  4280 | D:5      | Reached skill level 5 in Invocations
  4512 | D:5      | Reached skill level 5 in Armour
  4679 | D:6      | Noticed krfreak's ghost (novice HEIE)
  4696 | D:5      | HP: 2/55 [ogre/giant club (12)]
  4697 | D:5      | Reached skill level 5 in Axes
  4773 | D:6      | Reached XP level 8. HP: 57/61 MP: 11/11
  4898 | D:6      | Found a burning altar of Makhleb.
  4916 | D:6      | Killed krfreak's ghost
  5146 | D:6      | Reached skill level 6 in Invocations
  5401 | D:6      | Found a deep blue altar of Sif Muna.
  5403 | D:6      | Found a glowing silver altar of Zin.
  5404 | D:6      | Found a blossoming altar of Fedhas.
  5406 | D:6      | Found a basalt altar of Yredelemnul.
  5416 | D:6      | Found a sacrificial altar of Ru.
  5416 | D:6      | Found a hazy altar of Hepliaklqana.
  5618 | D:7      | Noticed a hippogriff
  5620 | D:7      | Noticed muxecoid's ghost (novice HEAM)
  5627 | D:7      | Reached skill level 5 in Fighting
  5641 | D:6      | Killed a hippogriff
  5641 | D:6      | Reached XP level 9. HP: 55/67 MP: 12/14
  5743 | D:7      | Killed muxecoid's ghost
  5743 | D:7      | Reached skill level 7 in Invocations
  6310 | D:7      | Reached **** piety under Lugonu
  6780 | D:7      | Reached skill level 8 in Invocations
  7098 | D:8      | Noticed a cyclops
  7111 | D:8      | Killed a cyclops
  7205 | D:8      | Gained mutation: You have a pair of horns on your head. [demonic ancestry]
  7205 | D:8      | Reached XP level 10. HP: 56/74 MP: 16/16
  7315 | D:8      | Noticed Psyche
  7320 | D:8      | Killed Psyche
  7595 | D:8      | Noticed an unseen horror
  7606 | D:8      | Killed an unseen horror
  8151 | D:9      | Reached ***** piety under Lugonu
  8151 | D:9      | Reached skill level 9 in Invocations
  8600 | D:9      | Reached skill level 1 in Shields
  8703 | D:10     | Entered Level 10 of the Dungeon
  8928 | D:10     | Noticed Harold
  8945 | D:10     | Killed Harold
  8945 | D:10     | Gained mutation: You are immune to rotting. [demonic ancestry]
  8945 | D:10     | Reached XP level 11. HP: 44/81 MP: 18/18
  9068 | D:10     | Found a staircase to the Lair.
  9118 | D:10     | Found Sydgh's Antique Weapon Shoppe.
  9261 | D:10     | Noticed a hill giant
  9273 | D:10     | Killed a hill giant
  9619 | D:11     | Noticed an unseen horror
  9629 | D:11     | Killed an unseen horror
  9657 | D:11     | Reached skill level 10 in Invocations
  9686 | D:11     | Reached skill level 10 in Axes
  9855 | D:11     | Noticed an unseen horror
  9879 | D:11     | Killed an unseen horror
  9879 | D:11     | Reached skill level 10 in Armour
 10354 | D:12     | Found a snail-covered altar of Cheibriados.
 10365 | D:12     | Noticed a hill giant
 10375 | D:12     | Killed a hill giant
 10424 | D:12     | Noticed Sonja
 10871 | D:11     | Banished Sonja
 10937 | D:12     | Noticed a centaur warrior
 10944 | D:12     | Killed a centaur warrior
 11229 | D:12     | Found a staircase to the Orcish Mines.
 11268 | D:12     | Noticed Josephine
 11495 | D:12     | Killed Josephine
 11501 | D:12     | Reached XP level 12. HP: 25/91 MP: 20/20
 11636 | D:12     | Reached skill level 11 in Invocations
 12033 | Orc:1    | Entered Level 1 of the Orcish Mines
 12079 | Orc:1    | Reached ****** piety under Lugonu
 12319 | Orc:1    | Found Ypnuwib's General Store.
 12327 | Orc:1    | Noticed an orc high priest
 12350 | Orc:1    | Killed an orc high priest
 12368 | Orc:1    | Paralysed by an orc sorcerer for 4 turns
 12468 | Orc:1    | Bought an uncursed ring of protection from magic for 300 gold pieces
 12468 | Orc:1    | Bought a scroll of teleportation for 36 gold pieces
 12468 | Orc:1    | Bought a potion of curing for 36 gold pieces
 12468 | Orc:1    | Bought a scroll of teleportation for 36 gold pieces
 12617 | Orc:2    | Entered Level 2 of the Orcish Mines
 12802 | Orc:2    | Paralysed by an orc sorcerer for 6 turns
 12825 | Orc:2    | Found Cuitzedy's Antique Armour Shop.
 12935 | Orc:2    | Bought a glowing chain mail for 399 gold pieces
 13013 | Orc:2    | Noticed an orc warlord
 13013 | Orc:2    | Noticed an orc high priest
 13061 | Orc:1    | Banished an orc warlord
 13163 | Orc:1    | Killed an orc high priest
 13163 | Orc:1    | Reached skill level 12 in Invocations
 13208 | Orc:2    | Paralysed by an orc sorcerer for 7 turns
 13301 | Orc:2    | Noticed an orc warlord
 13454 | Orc:1    | Banished an orc warlord
 13617 | Orc:2    | Gained mutation: You have a pair of large horns on your head. [demonic ancestry]
 13617 | Orc:2    | Reached XP level 13. HP: 42/99 MP: 22/22
 13665 | Orc:1    | Slain by an orc warrior

Skill      XL: |  1  2  3  4  5  6  7  8  9 10 11 12 |
---------------+-------------------------------------+-----
Axes           | 2 3 4 5 6 8 9 10 11 | 11.9
Armour         | 2 3 4 5 6 7 9 10 11 | 11.5
Dodging        | 1 |  1.9
Invocations    | 3 4 5 6 8 9 10 12 | 12.3
Fighting       | 4 5 6 7 8 |  8.5
Shields        | 1 2 3 |  3.2
Throwing       | |  0.1
Stealth        | |  0.6

Action                   |  1- 3 |  4- 6 |  7- 9 | 10-12 | 13-15 || total
-------------------------+-------+-------+-------+-------+-------++-------
Melee: War axe           |    90 |   154 |   377 |   734 |    13 ||  1368
       Headbutt          |     8 |    27 |    91 |   187 |     5 ||   318
       Battleaxe         |       |       |     2 |       |       ||     2
Throw: Tomahawk          |       |     6 |     1 |       |       ||     7
Invok: Depart the Abyss  |     1 |       |       |       |       ||     1
       Banish            |       |       |       |     7 |     1 ||     8
       Bend Space        |       |       |       |     1 |       ||     1
  Use: Scroll            |     1 |     3 |    18 |    10 |       ||    32
       Potion            |       |     7 |     2 |     7 |       ||    16
 Stab: Sleeping          |     2 |     8 |       |       |       ||    10
       Invisible         |       |     3 |       |       |       ||     3
  Eat: Chunk             |     1 |     8 |     8 |    24 |       ||    41
       Bread ration      |       |       |     1 |     1 |       ||     2
Armor: Leather armour    |    26 |       |       |       |       ||    26
       Ring mail         |     3 |    51 |       |       |       ||    54
       Skin              |       |    11 |       |       |       ||    11
       Chain mail        |       |     5 |    44 |       |       ||    49
       Plate armour      |       |       |    19 |       |       ||    19
       Crystal plate arm |       |       |   341 |   804 |    15 ||  1160
Dodge: Dodged            |    78 |    88 |    77 |   137 |     6 ||   386
Block: Buckler           |       |       |     5 |   217 |     8 ||   230
